AoeStats
← 我不知道

Arabia

510297018Analyzed
1v1 RM · 1d ago on Sep 30, 2026· 63m 17s· 2 players
Game mode
Random Map
Map size
Tiny (2 player)
Population
200
Speed
Normal
Resources
Standard
Victory
Conquest
Starting age
Dark Age
Ending age
Imperial Age
RankedLock teamsTeams togetherTeam positionsShared explorationLock speedFull tech treeHidden civsTurbo modeCheats
Victory
Defeat
🇺🇸 Bulgarians · United States
1029
+16
🇷🇺 Ethiopians · Russia
1034
-16
Kargardor
8:50 Loom
11:45 Feudal Age
14:31 Forging
14:09 Double-Bit Axe
17:41 Scale Mail Armor
17:37 Fletching
17:59 Arson
29:55 Castle Age
28:19 Padded Archer Armor
29:26 Stone Mining
30:39 Bloodlines
32:03 Iron Casting
31:31 Husbandry
33:25 Horse Collar
34:10 Scale Barding Armor
34:12 Gold Mining
34:40 Squires
36:15 Heavy Plow
42:12 Bow Saw
45:28 Gold Shaft Mining
48:39 Imperial Age
46:43 Stirrups
47:49 Wheelbarrow
48:28 Town Watch
49:30 Chain Barding Armor
48:57 Onager
50:19 Town Patrol
52:07 Blast Furnace
52:02 Crop Rotation
53:47 Bagains
56:44 Plate Barding Armor
56:48 Stone Shaft Mining
56:08 Siege Onager
57:28 Elite Konnik
60:57 Chemistry
我不知道
6:11 Loom
9:31 Feudal Age
10:44 Double-Bit Axe
17:27 Fletching
20:45 Padded Archer Armor
27:06 Castle Age
27:55 Elite Skirmisher
27:58 Crossbowman
28:59 Horse Collar
31:02 Thumb Ring
32:27 Bodkin Arrow
34:23 Leather Archer Armor
35:28 Wheelbarrow
39:29 Hand Cart
41:32 Hand Cart
41:56 Town Watch
45:23 Imperial Age
43:26 Forging
43:16 Scale Mail Armor
44:30 Town Patrol
45:11 Iron Casting
47:01 Conscription
46:52 Halberdier
47:33 Squires
47:31 Gold Mining
47:58 Arbalester
48:42 Bracer
51:27 Chain Mail Armor
52:57 Onager
57:34 Blast Furnace
56:42 Scale Barding Armor
56:58 Elite Shotel Warrior
57:02 Light Cavalry
57:42 Husbandry
58:52 Hussar
Connection lost

Rejoining the realm…

Still unreachable

The connection could not be restored.

Session expired

The server has moved on; the page needs a fresh start.